 Dungeon Crawl Stone Soup version 0.27.1 (webtiles) character file.

Game seed: 9617351241690838192

25 Ishikawa the Skirmisher (level 2, -1/24 HPs)
             Began as a Demonspawn Fighter on Aug 27, 2021.
             Slain by Terence (2 damage)
             ... on level 2 of the Dungeon.
             The game lasted 00:02:08 (1179 turns).

Ishikawa the Skirmisher (Demonspawn Fighter)        Turns: 1179, Time: 00:02:09

Health: -1/24      AC:  6    Str: 15 (16) XL:     2   Next: 86%
Magic:  2/2        EV:  8    Int:  6 (9)  God:
Gold:   18         SH:  8    Dex: 10 (12) Spells: 1/1 levels left

rFire    . . .     SeeInvis .   a - +0 war axe
rCold    . . .     Faith    .   c - +0 kite shield
rNeg     . . .     Spirit   .   b - +0 scale mail
rPois    .         Reflect  .   (no helmet)
rElec    .         Harm     .   (no cloak)
rCorr    .         Rampage  .   (no gloves)
Will     .....                  (no boots)
Stlth    ..........             (no amulet)
HPRegen  0.08/turn              (no ring)
MPRegen  0.08/turn              (no ring)

@: no status effects
A: repulsion field 1
a: no special abilities


You were on level 2 of the Dungeon.
You visited 1 branch of the dungeon, and saw 2 of its levels.

You collected 18 gold pieces.

Inventory:

Hand Weapons
 a - a +0 war axe (weapon)
Armour
 b - a +0 scale mail (worn)
 c - a +0 kite shield (worn)
Magical Staves
 f - a staff of fire
Scrolls
 e - a scroll of fog {unknown}
 h - a scroll of teleportation {unknown}
Potions
 d - a potion of might
 g - a potion of degeneration


   Skills:
 * Level 3.2 Fighting
 * Level 2.0 Axes
 * Level 2.9 Armour
 * Level 0.4 Dodging
 * Level 0.3 Stealth
 * Level 2.9 Shields
 * Level 0.2 Spellcasting


You had one spell level left.
You didn't know any spells.
Your spell library was empty.

Dungeon Overview and Level Annotations

Branches:
Dungeon (2/15)

Altars:

Shops:
D:1 ![[[*

Annotations:
D:2 Terence


Innate Abilities, Weirdness & Mutations

You are surrounded by a mild repulsion field. (EV +2)


Message History

You slash the adder!
The adder is severely wounded.
The adder bites you but does no damage. You block the adder's attack.
You closely miss the adder.
The adder is severely wounded.
The adder bites you. The adder barely misses you.
The adder bites you but does no damage.
You miss the adder.
The adder is severely wounded.
The adder bites you. The adder barely misses you.
You hit the adder but do no damage.
The adder is severely wounded.
The adder bites you.
You are poisoned.
The adder poisons you! Terence shouts, "Now you die!"
The adder barely misses you. Terence shouts, "Now you die!"
You miss the adder.
The adder is severely wounded.
You feel very sick. You block the adder's attack.
The adder bites you but does no damage.
You slash the adder!
You kill the adder!
You feel sick. Terence hits you with a +0 short sword.
Your Axes skill increases to level 2!
You closely miss Terence.
You feel sick. Terence hits you with a +0 short sword.
* * * LOW HITPOINT WARNING * * *
You barely miss Terence.
* * * LOW HITPOINT WARNING * * *
You feel sick.
You are no longer poisoned.
Terence completely misses you. Terence hits you with a +0 short sword.
* * * LOW HITPOINT WARNING * * *
It was a potion of degeneration.
There was something very wrong with that liquid.
You feel weakened.
You feel dopey.
You feel clumsy. Terence hits you with a +0 short sword.
You die...

..### #... #..#
##. #..##....
#.....# #<.#####.
. #........
##.#######@##.####
#.........@# #
#.##.##.####
#.##.# #..#.#
#.###.#.#
#.......#
#####.###
####.####
#.......#


You could see Terence.

Vanquished Creatures
  An adder (D:2)
  2 endoplasms (D:1)
  4 goblins (D:1)
  A hobgoblin (D:1)
  3 jackals (D:1)
  A ball python (D:1)
  A bat (D:1)
  2 rats (D:1)
15 creatures vanquished.

Notes
Turn   | Place    | Note
-------+----------+-------------------------------------------
     0 | D:1      | Ishikawa the Demonspawn Fighter began the quest for the
                  | Orb.
     0 | D:1      | Reached XP level 1. HP: 18/18 MP: 1/1
    68 | D:1      | Found Buakaw's Distillery.
   211 | D:1      | Found Ukuan's Antique Armour Shoppe.
   218 | D:1      | Found Yddi's Armour Emporium.
   220 | D:1      | Found Rets's Antique Armour Emporium.
   231 | D:1      | Gained mutation: You are surrounded by a mild repulsion
                  | field. (EV +2) [demonic ancestry]
   231 | D:1      | Reached XP level 2. HP: 24/24 MP: 2/2
   319 | D:1      | Found Loamn's Assorted Antiques.
  1158 | D:2      | Noticed Terence
  1178 | D:2      | HP: 1/24 [Terence (1)]
  1179 | D:2      | Slain by Terence

Illustrated notes

Levels and vault maps discovered:
D:1:      lemuel_arrival_muddy, layout_basic, serial_shops, shop, shop, shop,
          shop, shop, chequers_serial_rivers_micro_e
D:2:      layout_loops_cross, basic_altar, uniq_terence

Skill      XL: |  1  2 |
---------------+-------+-----
Axes           | 2 |  2.0
Fighting       | |  3.2
Armour         | |  2.9
Dodging        | |  0.4
Stealth        | |  0.3
Shields        | |  2.9
Spellcasting   | |  0.2

Action                   || total
-------------------------++-------
Melee: War axe           ||    54
  Use: Potion            ||     1
Armor: Scale mail        ||    29
Dodge: Dodged            ||    26
Block: Kite shield       ||    20
